AoeStats
← [YOBA] ♂️CUM♂️BACK

Oasis

510191013Analyzed
2v2 RM · 3d ago on Sep 29, 2026· 63m 37s· 4 players
Game mode
Random Map
Map size
Medium (4 player)
Population
200
Speed
Normal
Resources
Standard
Victory
Conquest
Starting age
Dark Age
Ending age
Imperial Age
RankedLock teamsTeams togetherTeam positionsShared explorationLock speedFull tech treeHidden civsTurbo modeCheats
Victory
Defeat
🇨🇦 Britons · Canada
1279
+15
🇦🇷 Saxons · Argentina
1224
+17
🇷🇺 Franks · Russia
1245
-16
1244
-16
Sex Machine 24cm
6:26 Loom
9:19 Feudal Age
10:09 Man-at-Arms
13:01 Double-Bit Axe
17:20 Arson
22:05 Castle Age
20:24 Horse Collar
21:38 Wheelbarrow
21:21 Forging
21:24 Scale Mail Armor
22:42 Pikeman
24:14 Bow Saw
24:24 Chain Mail Armor
28:00 Wheelbarrow
29:31 Gambesons
29:46 Squires
31:53 Iron Casting
32:57 Hand Cart
38:46 Town Watch
42:22 Imperial Age
42:36 Town Patrol
42:08 Elite Skirmisher
42:10 Long Swordsman
43:32 Heavy Plow
44:36 Two-Man Saw
44:08 Plate Mail Armor
43:29 Fletching
44:03 Conscription
44:05 Gold Mining
44:27 Two-Handed Swordsman
44:41 Elite Varangian Guard
45:22 Bodkin Arrow
46:23 Coinage
47:32 Gold Shaft Mining
46:52 Shield Wall
47:52 Redemption
48:03 Sanctity
47:59 Block Printing
48:26 Banking
48:02 Champion
49:07 Clerical Recruitment
50:24 Hoardings
50:06 Bracer
50:07 Padded Archer Armor
51:48 Heavy Scorpion
61:09 Theocracy
61:02 Illumination
Jaha
9:39 Feudal Age
10:09 Double-Bit Axe
14:33 Fletching
16:04 Arson
15:39 Man-at-Arms
16:24 Horse Collar
18:52 Padded Archer Armor
28:30 Castle Age
26:16 Loom
26:58 Gold Mining
27:12 Town Watch
28:28 Scale Barding Armor
28:50 Stone Mining
28:36 Light Cavalry
30:06 Forging
30:49 Husbandry
32:46 Wheelbarrow
33:06 Fervor
33:26 Heavy Plow
35:02 Crossbowman
37:51 Bodkin Arrow
38:31 Ballistics
38:43 Chain Barding Armor
40:30 Bow Saw
45:58 Imperial Age
44:25 Leather Archer Armor
45:02 Fortified Wall
45:03 Masonry
46:21 Heavy Scorpion
46:31 Cavalier
48:57 Elite Skirmisher
49:44 Bracer
50:10 Conscription
50:53 Cavalier
55:47 Man-at-Arms
56:53 Squires
60:54 Long Swordsman
62:01 Two-Handed Swordsman
63:37 Scale Mail Armor
[YOBA] ♂️CUM♂️BACK
0:53 Loom
11:19 Feudal Age
11:48 Horse Collar
11:59 Double-Bit Axe
22:00 Castle Age
21:41 Gold Mining
23:16 Bow Saw
23:10 Heavy Plow
25:35 Fletching
31:46 Wheelbarrow
31:20 Stone Mining
32:49 Man-at-Arms
32:54 Pikeman
37:48 Imperial Age
35:52 Squires
36:50 Scale Mail Armor
37:00 Forging
37:34 Anarchy
38:18 Halberdier
38:53 Man-at-Arms
40:43 Chain Mail Armor
41:04 Iron Casting
40:02 Long Swordsman
41:43 Conscription
41:40 Two-Handed Swordsman
44:54 Blast Furnace
43:43 Town Watch
43:50 Champion
45:31 Elite Huskarl
51:19 Chemistry
50:30 Masonry
50:01 Treadmill Crane
51:08 Crop Rotation
51:47 Bodkin Arrow
51:53 Padded Archer Armor
52:43 Coinage
52:15 Perfusion
60:42 Guilds
62:59 Bracer
[YOBA]Ermak
1:46 Loom
11:34 Feudal Age
17:24 Castle Age
16:11 Double-Bit Axe
19:35 Scale Barding Armor
19:42 Forging
27:45 Husbandry
30:49 Scale Mail Armor
44:32 Wheelbarrow
49:01 Town Watch
53:22 Bow Saw
53:13 Stone Mining
53:56 Gold Mining
60:13 Light Cavalry
Connection lost

Rejoining the realm…

Still unreachable

The connection could not be restored.

Session expired

The server has moved on; the page needs a fresh start.